 Seeded DCSS version 0.29.1-15-g9cfb28693d (webtiles) character file.

Game seed: 16245865983455551772 (custom seed)

4 Atreus the Chopper (level 1, -2/19 HPs)
             Began as a Palentonga Berserker on Mar 10, 2023.
             Was a Follower of Trog.
             Frozen to death by an endoplasm (3 damage)
             ... on level 1 of the Dungeon.
             The game lasted 00:01:14 (295 turns).

Atreus the Chopper (Palentonga Berserker)            Turns: 295, Time: 00:01:14

Health: -2/19      AC: 35    Str: 22    XL:     1   Next: 50%
Magic:  1/1        EV:  0    Int:  7    God:    Trog [*.....]
Gold:   10         SH:  0    Dex:  9    Spells: 0/0 levels left

rFire   . . .      SeeInvis +   a - +0 hand axe
rCold   . . .      Faith    .   (no shield)
rNeg    . . .      Spirit   .   c - +14 crystal plate armour of Untold Secrets {-Cast Harm rPois SInv}
rPois   +          Reflect  .   (no helmet)
rElec   +          Harm     +   (no cloak)
rCorr   .          Rampage  .   (no gloves)
Will    .....      NoCast   +   e - +6 lightning scales {swift, rElec}
Stlth   ..........              (no amulet)
HPRegen 0.06/turn               (no ring)
MPRegen 0.07/turn               (no ring)

@: quick
A: large, rugged brown scales 3, see invisible, deformed body, roll 1, armoured
tail
a: Rolling Charge, Renounce Religion, Berserk


You were on level 1 of the Dungeon.
You worshipped Trog.
Trog was aware of your devotion.
You visited 1 branch of the dungeon, and saw 1 of its levels.

You collected 10 gold pieces.

Inventory:

Hand Weapons
 a - a +0 hand axe (weapon)
Armour
 b - a +0 animal skin
 c - the +14 crystal plate armour of Untold Secrets (worn) {-Cast Harm rPois SInv}
   (You acquired it on level 1 of the Dungeon)

   rPois:     It protects you from poison.
   SInv:      It lets you see invisible.
   -Cast:     It prevents spellcasting.
   Harm:      It increases damage dealt and taken.
 d - the +0 barding "Baudd" {rF+ Regen+ Str+3}
   (You acquired it on level 1 of the Dungeon)

   Str:       It affects your strength (+3).
   rF:        It protects you from fire.
   Regen:     It increases your rate of health regeneration.
 e - the +6 lightning scales (worn) {swift, rElec}
   (You acquired it on level 1 of the Dungeon)

   It allows the wearer to cover ground more swiftly.
   rElec:     It insulates you from electricity.
Potions
 f - 2 potions of flight {unknown}


   Skills:
 + Level 3.1 Fighting
 + Level 3.1 Axes
 + Level 1.6 Armour
 + Level 1.6 Dodging


You couldn't memorise any spells.
You didn't know any spells.
Your spell library was empty.

Dungeon Overview and Level Annotations

Branches:
Dungeon (1/15)

Altars:


Innate Abilities, Weirdness & Mutations

You are completely covered in rugged brown scales. (AC +3, +7% HP)
You have supernaturally acute eyesight. (SInv)
Armour fits poorly on your strangely shaped body.
You can roll at nearby foes to attack.
You have a long armoured tail.


Message History

The endoplasm freezes you.
You are frozen.
The endoplasm hits you but does no damage.
The rat bites you but does no damage.
The endoplasm hits you but does no damage.
The rat bites you but does no damage. The rat bites you but does no damage.
The endoplasm hits you but does no damage.
The rat bites you but does no damage.
The endoplasm hits you but does no damage.
The rat bites you but does no damage.
The endoplasm hits you but does no damage.
The endoplasm hits you but does no damage.
The rat bites you but does no damage. The endoplasm freezes you.
You are frozen.
* * * LOW HITPOINT WARNING * * *
The rat bites you but does no damage. The rat bites you but does no damage.
The endoplasm hits you but does no damage.
The rat bites you but does no damage.
The endoplasm hits you but does no damage.
The rat bites you but does no damage. The endoplasm freezes you.
You are frozen.
* * * LOW HITPOINT WARNING * * *
The endoplasm hits you but does no damage.
The rat bites you but does no damage.
The endoplasm hits you but does no damage.
The rat bites you but does no damage.
Unknown command.
The rat bites you but does no damage.
The endoplasm hits you but does no damage.
The rat bites you but does no damage. The endoplasm hits you.
* * * LOW HITPOINT WARNING * * *
The rat bites you but does no damage.
The endoplasm hits you but does no damage.
The endoplasm freezes you.
You are frozen.
You die...

..##
##......##.##.##.##.#
.#.#
#.#.##.###.##.......#
.##.#.##.##.#
#.#####.#### .# #.#
#.##+# #.# #.# ## ###
#........# #.# #
##.....### #.# #
......# ##.## ..
......J####.#.### ..
......r@...###..# ...
.......##.## ##_#
#.## ......#
##.###.## ### .....#
##.#..# # #...#
##.#.# ##+# ###.# #.#
#.# #.#


You could see an endoplasm and a rat.

Vanquished Creatures
  An endoplasm (D:1)
  A goblin (D:1)
  A quokka (D:1)
3 creatures vanquished.

Notes
Turn   | Place    | Note
-------+----------+-------------------------------------------
     0 | D:1      | Atreus the Palentonga Berserker began the quest for the
                  | Orb.
     0 | D:1      | Reached XP level 1. HP: 19/19 MP: 1/1
    81 | D:1      | Identified 3 scrolls of acquirement
    81 | D:1      | Acquired the +0 barding "Baudd" {rF+ Regen+ Str+3}
   128 | D:1      | Acquired the +6 lightning scales {swift, rElec}
   128 | D:1      | Found the +6 lightning scales {swift, rElec}
   140 | D:1      | Acquired the +14 crystal plate armour of Untold Secrets
                  | {-Cast Harm rPois SInv}
   250 | D:1      | Found a faded altar of an unknown god.
   295 | D:1      | Frozen to death by an endoplasm

Illustrated notes

Levels and vault maps discovered:
D:1:      minmay_arrival_hallway, layout_loops_corners, basic_ecumenical_altar,
          minmay_unequal

Action                   || total
-------------------------++-------
Melee: Hand axe          ||     5
       Tailslap          ||     1
  Use: Scroll            ||     3
Armor: Crystal plate arm ||    37
       Animal skin       ||     3
Dodge: Dodged            ||     2
